 Dungeon Crawl Stone Soup version 0.23-a0-644-gb60d84b (webtiles) character file.

141 Borgoz the Sneak (level 5, -2/32 HPs)
             Began as a Kobold Assassin on Jan 2, 2019.
             Slain by a worm (8 damage)
             ... on level 3 of the Dungeon.
             The game lasted 00:06:41 (2976 turns).

Borgoz the Sneak (Kobold Assassin)                  Turns: 2976, Time: 00:06:41

Health: -2/32      AC:  3    Str:  8    XL:     5   Next: 48%
Magic:  14/14      EV: 16    Int: 12    God:
Gold:   47         SH:  0    Dex: 18    Spells: 4/4 levels left

rFire    + . .     SeeInvis .   a - -1 short sword (curse)
rCold    . . .     Gourm    .   (shield restricted)
rNeg     . . .     Faith    .   c - +0 robe
rPois    .         Spirit   .   (no helmet)
rElec    .         Reflect  .   d - +0 cloak
rCorr    .         Harm     .   (no gloves)
MR       .....                  (no boots)
Stlth    ++++......             (no amulet)
HPRegen  0.10/turn              k - ring of protection from fire
MPRegen  0.14/turn              i - ring of magical power

@: no status effects
A: small, carnivore
a: no special abilities


You were on level 3 of the Dungeon.
You were very full.

You visited 1 branch of the dungeon, and saw 3 of its levels.

You collected 47 gold pieces.

Inventory:

Hand Weapons
 a - a cursed -1 short sword (weapon)
 b - a +0 blowgun
 m - a +2 dagger
Missiles
 e - 24 poisoned needles
 f - 2 curare-tipped needles
Armour
 c - a +0 robe (worn)
 d - a +0 cloak (worn)
Jewellery
 i - a ring of magical power (right hand)
 k - a ring of protection from fire (left hand)
Scrolls
 j - a scroll of teleportation
Comestibles
 g - 5 rations


   Skills:
 + Level 3.4 Fighting
 + Level 4.1 Short Blades
 - Level 2.1 Throwing
 + Level 3.0 Dodging
 + Level 6.4 Stealth


You had 4 spell levels left.
You didn't know any spells.
Your spell library was empty.

Dungeon Overview and Level Annotations

Branches:
Dungeon (3/15)

Altars:


Innate Abilities, Weirdness & Mutations

You are small and have problems with some larger weapons.
You are carnivorous and can eat meat at any time.


Message History

The worm bites you!
* * * LOW HITPOINT WARNING * * *
The worm barely misses you.
You hit the worm.
The worm is moderately wounded.
You hit the worm.
The worm is severely wounded.
You can't unwield your weapon to draw a new one!
You hit the worm.
The worm is severely wounded.
The worm barely misses you.
You hit the worm.
The worm is almost dead.
You hit the worm.
The worm is almost dead.
The worm misses you. x2
You hit the worm.
You kill the worm!
The worm bites you!
You die...

##. ## ###.$# . ###
###..#...#....
###..#...#...#..
....#...#)..#...#
..#...#...#...#
.#...#...#...#..
....#...#.%.#...#
..#...#.w@#...#...#
#...#...#...#...#..
#.#...#...#...#...#
..#
##...#...#.[.#...#.
..#
##..#...#...#...#..
..#
......#...#...#...#
..# .#
#.#...#...#...#..
..##.#
#...#...#...#.. #
.....#
#.#...#...#...#


You could see a worm.

Vanquished Creatures
  A centaur skeleton (D:3)
  3 gnolls (D:3)
  2 oozes
  2 worms
  A dart slug (D:2)
  2 leopard geckos (D:3)
  4 orcs (D:3)
  3 bats
  5 giant cockroaches
  13 goblins
  7 hobgoblins
  3 kobolds
  A quokka (D:3)
  2 frilled lizards
  9 rats
58 creatures vanquished.

Notes
Turn   | Place    | Note
-------+----------+-------------------------------------------
     0 | D:1      | Borgoz the Kobold Assassin began the quest for the Orb.
     0 | D:1      | Reached XP level 1. HP: 12/12 MP: 1/1
   245 | D:1      | Reached XP level 2. HP: 18/18 MP: 2/2
   647 | D:1      | Reached XP level 3. HP: 22/22 MP: 3/3
  1351 | D:3      | Reached skill level 6 in Stealth
  1351 | D:3      | Reached XP level 4. HP: 7/27 MP: 4/4
  2257 | D:3      | Reached XP level 5. HP: 8/32 MP: 5/5
  2976 | D:3      | Slain by a worm

Vault maps used:
D:1:      ebering_trefoil_twist, minmay_pentomino_s4
D:2:      kennysheep_generic_room_11
D:3:      ashenzari_conservatory_becter, hex_large

Skill      XL: |  1  2  3  4  5 |
---------------+----------------+-----
Short Blades   | 3 4 |  4.1
Dodging        | 2 3 |  3.0
Stealth        | 6 |  6.4
Fighting       | 3 |  3.4
Throwing       | |  2.1

Action                   |  1- 3 |  4- 6 || total
-------------------------+-------+-------++-------
Melee: Dagger            |    92 |       ||    92
       Short sword       |    24 |   126 ||   150
  Use: Scroll            |     3 |     2 ||     5
       Potion            |     2 |     1 ||     3
 Stab: Sleeping          |    11 |     6 ||    17
       Invisible         |     1 |       ||     1
  Eat: Chunk             |     1 |    13 ||    14
Armor: Robe              |    22 |     6 ||    28
Dodge: Dodged            |    62 |    70 ||   132

Table legend:
 A = Non-vault XP
 B = Vault XP
 C = Vault XP percentage of total XP
 D = Non-vault monster count
 E = Vault monster count
 F = Vault count percentage of total count
                 A         B        C        D         E       F
            +---------+---------+-------+---------+---------+-------
      Total |     197 |       5 |   2.5 |      55 |       3 |   5.2
            +---------+---------+-------+---------+---------+-------
        D:1 |      49 |       5 |   9.3 |      25 |       3 |  10.7
        D:2 |      21 |       0 |   0.0 |      10 |       0 |   0.0
        D:3 |     127 |       0 |   0.0 |      20 |       0 |   0.0
            +---------+---------+-------+---------+---------+-------
